| TOP OF THE 1ST |
|
Minnesota Twins batting - Pitching for Cincinnati Reds : RHP Marshall Barron
|
|
Pitching: RHP Marshall Barron
|
|
|
Batting: RHB Kevin Howard
|
0-0: Ground out 4-3 (Groundball, 34, EV 111.2 MPH)
|
|
Batting: LHB Alejandro Soriano
|
0-0: Called Strike 0-1: Swinging Strike 0-2: Ball 1-2: Strikes out swinging
|
|
Batting: LHB Willis Robles
|
0-0: Ball 1-0: Called Strike 1-1: Foul Ball, location: 2F 1-2: Strikes out swinging
|
| Top of the 1st over - 0 runs, 0 hits, 0 errors, 0 left on base; Minnesota 0 - Cincinnati 0 |
| BOTTOM OF THE 1ST |
|
Cincinnati Reds batting - Pitching for Minnesota Twins : LHP Adam Wood
|
|
Pitching: LHP Adam Wood
|
|
|
Batting: RHB Willie Lazcano
|
0-0: Called Strike 0-1: Ball 1-1: Ball 2-1: Foul Ball, location: 2F 2-2: Ground out 4-3 (Groundball, 4M, EV 99.4 MPH)
|
|
Batting: SHB Saulo Maina
|
0-0: Ball 1-0: Swinging Strike 1-1: Ball 2-1: Foul Ball, location: 2F 2-2: Strikes out swinging, 2-3 out at first.
|
|
Batting: SHB Dave Barefoot
|
0-0: Ball 1-0: Ball 2-0: Called Strike 2-1: Fly out, F7 (Flyball, 7, EV 91.9 MPH)
|
| Bottom of the 1st over - 0 runs, 0 hits, 0 errors, 0 left on base; Minnesota 0 - Cincinnati 0 |
| TOP OF THE 2ND |
|
Minnesota Twins batting - Pitching for Cincinnati Reds : RHP Marshall Barron
|
|
Batting: RHB Austin Mickelson
|
0-0: Ball 1-0: Foul Ball, location: 2F 1-1: Ball 2-1: Ball 3-1: Ground out 6-3 (Groundball, 6, EV 93.1 MPH)
|
|
Batting: RHB Matthew Starr
|
0-0: Foul Ball, location: 2F 0-1: Ball 1-1: Ground out 3-1 (Groundball, 34S, EV 85.6 MPH)
|
|
Batting: LHB Helge Jivotovsky
|
0-0: Swinging Strike 0-1: Ball 1-1: Ball 2-1: Ground out 4-3 (Groundball, 4, EV 88.8 MPH)
|
| Top of the 2nd over - 0 runs, 0 hits, 0 errors, 0 left on base; Minnesota 0 - Cincinnati 0 |
| BOTTOM OF THE 2ND |
|
Cincinnati Reds batting - Pitching for Minnesota Twins : LHP Adam Wood
|
|
Batting: LHB Chris Grunwald
|
0-0: Ball 1-0: Swinging Strike 1-1: Foul Ball, location: 2F 1-2: Ball 2-2: Foul Ball, location: 2F 2-2: Ball 3-2: Base on Balls
|
|
Batting: RHB Fred Slade
|
0-0: SINGLE (Line Drive, 6MD, EV 94.4 MPH) Chris Grunwald to second
|
|
Batting: RHB Joseph Kirchmann
|
0-0: Foul Ball, location: 2F 0-1: Foul Ball, location: 2F 0-2: Foul Ball, location: 2F 0-2: Ball 1-2: Foul Ball, location: 2F 1-2: Ball 2-2: SINGLE (Groundball, 56, EV 105.0 MPH) (infield hit) Chris Grunwald to third Fred Slade to second
|
|
Batting: LHB Jon Ledesma
|
0-0: Ball 1-0: Called Strike 1-1: Ball 2-1: Foul Ball, location: 2F 2-2: SINGLE (Line Drive, 9LS, EV 95.0 MPH) Chris Grunwald scores Fred Slade to third Joseph Kirchmann to second
|
|
Batting: LHB Antonio Figueroa
|
0-0: Called Strike 0-1: Ball 1-1: Swinging Strike 1-2: Fly out, F8 (Flyball, 8LD, EV 89.4 MPH) Runner from 3rd tags up, SCORES, throw by CF Joseph Kirchmann to third
|
|
Batting: RHB Omar Quintana
|
0-0: Ball 1-0: Ball 2-0: Ball 3-0: Called Strike 3-1: Base on Balls Jon Ledesma to second
|
|
Batting: RHB Willie Lazcano
|
0-0: Foul Ball, location: 2F 0-1: Ball 1-1: Swinging Strike 1-2: Ball 2-2: Strikes out swinging
|
|
Batting: SHB Saulo Maina
|
0-0: Ball 1-0: Foul Ball, location: 2F 1-1: Ball 2-1: Fly out, F8 (Flyball, 8LS, EV 88.8 MPH)
|
| Bottom of the 2nd over - 2 runs, 3 hits, 0 errors, 3 left on base; Minnesota 0 - Cincinnati 2 |
| TOP OF THE 3RD |
|
Minnesota Twins batting - Pitching for Cincinnati Reds : RHP Marshall Barron
|
|
Batting: RHB Danny Eberhart
|
0-0: Foul Ball, location: 2F 0-1: Swinging Strike 0-2: Ball 1-2: Strikes out swinging
|
|
Batting: RHB Mike Quackenbush
|
0-0: Called Strike 0-1: Foul Ball, location: 2F 0-2: Fly out, F8 (Flyball, 8LD, EV 85.6 MPH)
|
|
Batting: RHB Doug Lane
|
0-0: Ball 1-0: Foul Ball, location: 2F 1-1: Swinging Strike 1-2: Ball 2-2: Strikes out swinging
|
| Top of the 3rd over - 0 runs, 0 hits, 0 errors, 0 left on base; Minnesota 0 - Cincinnati 2 |
| BOTTOM OF THE 3RD |
|
Cincinnati Reds batting - Pitching for Minnesota Twins : LHP Adam Wood
|
|
Batting: SHB Dave Barefoot
|
0-0: Foul Ball, location: 2F 0-1: Fly out, F8 (Flyball, 78S, EV 83.1 MPH)
|
|
Batting: LHB Chris Grunwald
|
0-0: DOUBLE (Line Drive, 7LD, EV 105.6 MPH)
|
|
Batting: RHB Fred Slade
|
0-0: Called Strike 0-1: Ball 1-1: Ball 2-1: Foul Ball, location: 2F 2-2: Ball 3-2: Fly out, F9 (Flyball, 9LM, EV 91.2 MPH)
|
|
Batting: RHB Joseph Kirchmann
|
0-0: Ball 1-0: Fly out, F9 (Flyball, 9D, EV 95.6 MPH)
|
| Bottom of the 3rd over - 0 runs, 1 hit, 0 errors, 1 left on base; Minnesota 0 - Cincinnati 2 |
| TOP OF THE 4TH |
|
Minnesota Twins batting - Pitching for Cincinnati Reds : RHP Marshall Barron
|
|
Batting: RHB Kevin Howard
|
0-0: Called Strike 0-1: Swinging Strike 0-2: Foul Ball, location: 2F 0-2: Ball 1-2: Ball 2-2: Fly out, F9 (Flyball, 9, EV 88.1 MPH)
|
|
Batting: LHB Alejandro Soriano
|
0-0: Ball 1-0: Ball 2-0: Foul Ball, location: 2F 2-1: Foul Ball, location: 2F 2-2: Fly out, F7 (Flyball, 7, EV 80.6 MPH)
|
|
Batting: LHB Willis Robles
|
0-0: Ball 1-0: Foul Ball, location: 2F 1-1: Ball 2-1: SINGLE (Line Drive, 9S, EV 101.9 MPH)
|
|
Batting: RHB Austin Mickelson
|
0-0: Foul Ball, location: 2F 0-1: Ball 1-1: Called Strike Willis Robles is caught stealing 2nd base 2-4
|
| Top of the 4th over - 0 runs, 1 hit, 0 errors, 0 left on base; Minnesota 0 - Cincinnati 2 |
| BOTTOM OF THE 4TH |
|
Cincinnati Reds batting - Pitching for Minnesota Twins : LHP Adam Wood
|
|
Batting: LHB Jon Ledesma
|
0-0: Ball 1-0: Foul Ball, location: 2F 1-1: Foul Ball, location: 2F 1-2: Foul Ball, location: 2F 1-2: Ball 2-2: Ball 3-2: Base on Balls
|
|
Batting: LHB Antonio Figueroa
|
0-0: Called Strike 0-1: Swinging Strike 0-2: Foul Ball, location: 2F 0-2: Strikes out looking
|
|
Batting: RHB Omar Quintana
|
0-0: Called Strike 0-1: Ball 1-1: Foul Ball, location: 2F 1-2: Foul Ball, location: 2F 1-2: Foul Ball, location: 2F 1-2: Ball 2-2: Foul Ball, location: 2F 2-2: SINGLE (Line Drive, 6D, EV 99.4 MPH) Jon Ledesma to second
|
|
Batting: RHB Willie Lazcano
|
0-0: Called Strike 0-1: Ball 1-1: Foul Ball, location: 2F 1-2: Fielders Choice at 2nd, 3-6 (Groundball, 34, EV 85.6 MPH) Jon Ledesma to third
|
|
Batting: SHB Saulo Maina
|
0-0: Called Strike 0-1: Ball 1-1: SINGLE (Groundball, 56, EV 80.0 MPH) (infield hit) Jon Ledesma scores Willie Lazcano to second
|
|
Batting: SHB Dave Barefoot
|
0-0: Called Strike 0-1: Ball 1-1: Swinging Strike 1-2: Ball 2-2: DOUBLE (Flyball, 78D, EV 98.1 MPH) Willie Lazcano scores Saulo Maina to third
|
|
Batting: LHB Chris Grunwald
|
0-0: Ground out 6-3 (Groundball, 6M, EV 90.0 MPH)
|
| Bottom of the 4th over - 2 runs, 3 hits, 0 errors, 2 left on base; Minnesota 0 - Cincinnati 4 |
| TOP OF THE 5TH |
|
Minnesota Twins batting - Pitching for Cincinnati Reds : RHP Marshall Barron
|
|
Batting: RHB Austin Mickelson
|
0-0: Called Strike 0-1: Ball 1-1: Foul Ball, location: 2F 1-2: Ground out 4-3 (Groundball, 4MS, EV 88.1 MPH)
|
|
Batting: RHB Matthew Starr
|
0-0: Called Strike 0-1: Ball 1-1: SINGLE (Groundball, 56D, EV 102.5 MPH)
|
|
Batting: LHB Helge Jivotovsky
|
0-0: Foul Ball, location: 2F 0-1: Swinging Strike 0-2: Ball 1-2: Foul Ball, location: 2F 1-2: Ball 2-2: Strikes out swinging
|
|
Batting: RHB Danny Eberhart
|
0-0: Called Strike 0-1: Ball 1-1: Swinging Strike 1-2: Foul Ball, location: 2F 1-2: Ball 2-2: Foul Ball, location: 2F 2-2: Ball 3-2: Foul Ball, location: 2F 3-2: Foul Ball, location: 2F 3-2: DOUBLE (Groundball, 5L, EV 105.6 MPH) Matthew Starr to third Matthew Starr scores
|
|
Batting: RHB Mike Quackenbush
|
0-0: Called Strike 0-1: Ball 1-1: Called Strike 1-2: Foul Ball, location: 2F 1-2: SINGLE (Line Drive, 3L, EV 98.8 MPH) Danny Eberhart to third Runner from 3rd tries for Home, SAFE, throw by RF to home
|
|
Batting: RHB Doug Lane
|
0-0: Ball 1-0: Ball Wild Pitch! Mike Quackenbush to second 2-0: Ball 3-0: Called Strike 3-1: Swinging Strike 3-2: Foul Ball, location: 2F 3-2: Strikes out looking
|
| Top of the 5th over - 2 runs, 3 hits, 0 errors, 1 left on base; Minnesota 2 - Cincinnati 4 |
| BOTTOM OF THE 5TH |
|
Cincinnati Reds batting - Pitching for Minnesota Twins : LHP Adam Wood
|
|
Pitching: RHP Luis Guerrero
|
|
|
Now at 2B: Kevin Howard
|
|
|
Now at 3B: Hildo Pot
|
|
|
Batting: RHB Fred Slade
|
0-0: Ball 1-0: Called Strike 1-1: Ball 2-1: Foul Ball, location: 2F 2-2: Ball 3-2: Base on Balls
|
|
Batting: RHB Joseph Kirchmann
|
0-0: Swinging Strike 0-1: Ball 1-1: Ball 2-1: Ball 3-1: Called Strike 3-2: Foul Ball, location: 2F 3-2: Base on Balls Fred Slade to second
|
|
Batting: LHB Jon Ledesma
|
0-0: Fielders Choice at 2nd, 4-6 (Groundball, 34, EV 88.8 MPH) Fred Slade to third
|
|
Batting: LHB Antonio Figueroa
|
0-0: Called Strike 0-1: Ball Jon Ledesma steals 2nd base 1-1: Foul Ball, location: 2F 1-2: Foul Ball, location: 2F 1-2: Ball 2-2: Foul Ball, location: 2F 2-2: Ball 3-2: Foul Ball, location: 2F 3-2: Fly out, F8 (Flyball, 8LXD, EV 91.2 MPH) Runner from 3rd tags up, SCORES, no throw by CF Jon Ledesma to third
|
|
Batting: RHB Omar Quintana
|
0-0: Called Strike 0-1: Ball 1-1: Ball 2-1: Foul Ball, location: 2F 2-2: SINGLE (Line Drive, 8RS, EV 105.0 MPH) Jon Ledesma scores
|
|
Batting: RHB Willie Lazcano
|
0-0: Called Strike 0-1: Ball 1-1: Called Strike 1-2: Ball 2-2: Fly out, F9 (Flyball, 9D, EV 100.6 MPH)
|
| Bottom of the 5th over - 2 runs, 1 hit, 0 errors, 1 left on base; Minnesota 2 - Cincinnati 6 |
| TOP OF THE 6TH |
|
Minnesota Twins batting - Pitching for Cincinnati Reds : RHP Marshall Barron
|
|
Batting: RHB Kevin Howard
|
0-0: Ball 1-0: Foul Ball, location: 2F 1-1: Ball 2-1: Foul Ball, location: 2F 2-2: Strikes out swinging
|
|
Batting: LHB Alejandro Soriano
|
0-0: Ball 1-0: Swinging Strike 1-1: Called Strike 1-2: Strikes out swinging
|
|
Batting: LHB Willis Robles
|
0-0: TRIPLE (Line Drive, 8LXD, EV 106.9 MPH)
|
|
Batting: RHB Austin Mickelson
|
0-0: Called Strike 0-1: Hit by Pitch
|
|
Batting: RHB Matthew Starr
|
0-0: Ball 1-0: Foul Ball, location: 2F 1-1: Ball 2-1: Swinging Strike 2-2: Foul Ball, location: 2F 2-2: Foul Ball, location: 2F 2-2: Ball 3-2: Foul Ball, location: 2F 3-2: Fly out, F7 (Flyball, 7D, EV 91.9 MPH)
|
| Top of the 6th over - 0 runs, 1 hit, 0 errors, 2 left on base; Minnesota 2 - Cincinnati 6 |
| BOTTOM OF THE 6TH |
|
Cincinnati Reds batting - Pitching for Minnesota Twins : RHP Luis Guerrero
|
|
Batting: SHB Saulo Maina
|
0-0: Ball 1-0: Foul Ball, location: 2F 1-1: Ground out 3-1 (Groundball, 34, EV 81.2 MPH)
|
|
Pitching: LHP Jim Storer
|
|
|
Batting: SHB Dave Barefoot
|
0-0: Called Strike 0-1: Ball 1-1: Ball 2-1: Called Strike 2-2: Foul Ball, location: 2F 2-2: Strikes out swinging
|
|
Batting: LHB Chris Grunwald
|
0-0: Swinging Strike 0-1: Ball 1-1: Foul Ball, location: 2F 1-2: Strikes out looking
|
| Bottom of the 6th over - 0 runs, 0 hits, 0 errors, 0 left on base; Minnesota 2 - Cincinnati 6 |
| TOP OF THE 7TH |
|
Minnesota Twins batting - Pitching for Cincinnati Reds : RHP Marshall Barron
|
|
Pitching: RHP Westin Silveira
|
|
|
Batting: LHB Helge Jivotovsky
|
0-0: Foul Ball, location: 2F 0-1: Called Strike 0-2: Foul Ball, location: 2F 0-2: Strikes out looking
|
|
Batting: RHB Hildo Pot
|
0-0: Ball 1-0: Ground out 4-3 (Groundball, 4, EV 105.6 MPH)
|
|
Batting: RHB Mike Quackenbush
|
0-0: Ball 1-0: Ball 2-0: Swinging Strike 2-1: SOLO HOME RUN (Flyball, 7LD, EV 91.2 MPH), Distance : 341 ft
|
|
Batting: RHB Doug Lane
|
0-0: Ball 1-0: Called Strike 1-1: Called Strike 1-2: Ball 2-2: Ground out 6-3 (Groundball, 6MS, EV 73.1 MPH)
|
| Top of the 7th over - 1 run, 1 hit, 0 errors, 0 left on base; Minnesota 3 - Cincinnati 6 |
| BOTTOM OF THE 7TH |
|
Cincinnati Reds batting - Pitching for Minnesota Twins : LHP Jim Storer
|
|
Pitching: RHP Harry Pratt
|
|
|
Batting: RHB Fred Slade
|
0-0: Ball 1-0: Ball 2-0: Fly out, F4 (Popup, 4M, EV 55.0 MPH)
|
|
Batting: RHB Joseph Kirchmann
|
0-0: SINGLE (Groundball, 56D, EV 94.4 MPH)
|
|
Batting: LHB Jon Ledesma
|
0-0: Called Strike Joseph Kirchmann is caught stealing 2nd base 2-6 0-1: Ball 1-1: Ball 2-1: Ball 3-1: Foul Ball, location: 2F 3-2: Base on Balls
|
|
Batting: LHB Antonio Figueroa
|
0-0: Called Strike Jon Ledesma steals 2nd base 0-1: Ball 1-1: Ball 2-1: Swinging Strike 2-2: Ball 3-2: Ground out 6-3 (Groundball, 6S, EV 72.5 MPH)
|
| Bottom of the 7th over - 0 runs, 1 hit, 0 errors, 1 left on base; Minnesota 3 - Cincinnati 6 |
| TOP OF THE 8TH |
|
Minnesota Twins batting - Pitching for Cincinnati Reds : RHP Westin Silveira
|
|
Batting: RHB Kevin Howard
|
0-0: Called Strike 0-1: Called Strike 0-2: Ball 1-2: Ground out U3 (Groundball, 34, EV 86.9 MPH)
|
|
Batting: LHB Alejandro Soriano
|
0-0: Ball 1-0: Ball 2-0: Called Strike 2-1: Swinging Strike 2-2: Foul Ball, location: 2F 2-2: Ball 3-2: Reached on error, E2 (Groundball, 2L, EV 69.4 MPH)
|
|
Batting: LHB Willis Robles
|
0-0: Ground out 4-3 (Groundball, 34, EV 100.0 MPH) Alejandro Soriano to third
|
|
Batting: RHB Austin Mickelson
|
0-0: Swinging Strike 0-1: Ground out 5-3 (Groundball, 56, EV 99.4 MPH)
|
| Top of the 8th over - 0 runs, 0 hits, 1 error, 1 left on base; Minnesota 3 - Cincinnati 6 |
| BOTTOM OF THE 8TH |
|
Cincinnati Reds batting - Pitching for Minnesota Twins : RHP Harry Pratt
|
|
Pitching: RHP Mark Case
|
|
|
Batting: RHB Omar Quintana
|
0-0: Ball 1-0: Ball 2-0: Foul Ball, location: 2F 2-1: Foul Ball, location: 2F 2-2: Strikes out swinging
|
|
Batting: RHB Willie Lazcano
|
0-0: Swinging Strike 0-1: Foul Ball, location: 2F 0-2: Strikes out swinging
|
|
Batting: SHB Saulo Maina
|
0-0: Called Strike 0-1: Swinging Strike 0-2: Ball 1-2: Foul Ball, location: 2F 1-2: Ball 2-2: Ball 3-2: DOUBLE (Line Drive, 89XD, EV 112.5 MPH)
|
|
Batting: SHB Dave Barefoot
|
0-0: Ball 1-0: Ball 2-0: Ball 3-0: Called Strike 3-1: Ground out U3 (Groundball, 3, EV 88.8 MPH)
|
| Bottom of the 8th over - 0 runs, 1 hit, 0 errors, 1 left on base; Minnesota 3 - Cincinnati 6 |
| TOP OF THE 9TH |
|
Minnesota Twins batting - Pitching for Cincinnati Reds : RHP Westin Silveira
|
|
Pitching: RHP Juan Barroso
|
|
|
Batting: RHB Matthew Starr
|
0-0: Called Strike 0-1: Foul Ball, location: 2F 0-2: Strikes out swinging, 2-3 out at first.
|
|
Batting: LHB Helge Jivotovsky
|
0-0: Swinging Strike 0-1: Fly out, F7 (Flyball, 78S, EV 70.0 MPH)
|
|
Batting: RHB Hildo Pot
|
0-0: Foul Ball, location: 2F 0-1: Swinging Strike 0-2: Strikes out swinging
|
| Top of the 9th over - 0 runs, 0 hits, 0 errors, 0 left on base; Minnesota 3 - Cincinnati 6 |
|